 Dungeon Crawl Stone Soup version 0.27-a0-1595-g0b823d0a13 (webtiles) character file.

Game seed: 17661554265608401587

149 zazu2006 the Magician (level 5, -4/43 HPs)
             Began as a Naga Hedge Wizard on July 20, 2021.
             Slain by Robin (8 damage)
             ... on level 3 of the Dungeon.
             The game lasted 00:05:15 (2962 turns).

zazu2006 the Magician (Naga Hedge Wizard)           Turns: 2962, Time: 00:05:16

Health: -4/43      AC:  2    Str: 12    XL:     5   Next: 31%
Magic:  1/11       EV: 10    Int: 16    God:
Gold:   72         SH:  0    Dex: 10    Spells: 3/12 levels left

rFire    . . .     SeeInvis +   a - +0 dagger
rCold    . . .     Faith    .   (no shield)
rNeg     . . .     Spirit   .   b - +0 robe
rPois    +         Reflect  .   c - +0 hat
rElec    .         Harm     .   (no cloak)
rCorr    .         Rampage  .   (no gloves)
Will     .....                  (no barding)
Stlth    ++........             (no amulet)
HPRegen  0.14/turn              i - +4 ring of slaying
MPRegen  0.12/turn              (no ring)

@: flying, very slightly contaminated, very slow
A: AC +1, large, see invisible, deformed body, poison resistance, slowness 2,
spit poison 1, naga tail 1
a: Spit Poison


You were on level 3 of the Dungeon.
You visited 1 branch of the dungeon, and saw 3 of its levels.

You collected 72 gold pieces.

Inventory:

Hand Weapons
 a - a +0 dagger (weapon)
Missiles
 k - a throwing net
Armour
 b - a +0 robe (worn)
 c - a +0 hat (worn)
Jewellery
 i - a +4 ring of slaying (left hand)
Scrolls
 d - 2 scrolls of teleportation {unknown}
 e - a scroll of blinking {unknown}
 f - 2 scrolls of fear {unknown}
 g - a scroll of fog {unknown}
 h - 4 scrolls of identify {unknown}
Potions
 j - 2 potions of flight
 l - a potion of might {unknown}
 m - 2 potions of degeneration {unknown}


   Skills:
 + Level 0.4 Fighting
 + Level 2.0 Dodging
 + Level 4.0 Stealth
 + Level 4.2 Spellcasting
 + Level 2.8 Conjurations
 + Level 1.0 Summonings
 + Level 1.0 Translocations


You had 3 spell levels left.
You knew the following spells:

 Your Spells              Type           Power      Damage    Failure   Level
a - Magic Dart            Conj           48%        1d5       5%          1
b - Mephitic Cloud        Conj/Pois/Air  6%         N/A       32%         3
c - Conjure Flame         Conj/Fire      7%         6-21      28%         3
d - Blink                 Tloc           N/A        N/A       17%         2

Your spell library contained the following spells:

 Spells                   Type           Power      Damage    Failure   Level
 Call Imp                 Summ           6%         N/A       17%         2
 Slow                     Hex            3%         N/A       26%         2


Dungeon Overview and Level Annotations

Branches:
Dungeon (3/15)

Altars:

Annotations:
D:3 Robin


Innate Abilities, Weirdness & Mutations

Your serpentine skin is tough. (AC +1)
You have supernaturally acute eyesight. (SInv)
Armour fits poorly on your strangely shaped body.
Your system is resistant to poisons. (rPois)
You cover ground very slowly.
You can spit poison.
You have a snake-like lower body.


Message History

Aim: Robin, wielding a +0 falchion, wearing a +0 animal skin and wearing a +2 helmet (100% to hit)
The magic dart hits Robin.
Robin is moderately wounded.
Robin hits you with a +0 falchion!
Casting: Magic Dart (safe; 5% risk of failure)
Confirm with . or Enter, or press ? or * to list all spells.
The spell is quite dangerous to cast (32% risk of failure)!
Continue anyway? [Y]es or [N]o only, please.
The spell is quite dangerous to cast (32% risk of failure)!
Continue anyway?
Aiming: Mephitic Cloud (quite dangerous; 32% risk of failure)
Press: ? - help, Shift-Dir - straight line, f/p - Robin
Aim: Robin, wielding a +0 falchion, wearing a +0 animal skin and wearing a +2 helmet (moderately wounded, chance to affect: 91%)
The ball explodes into a vile cloud!
The stinking cloud engulfs Robin but does no damage.
Robin is moderately wounded.
The stinking cloud engulfs you but does no damage.
You hear a shout! x3; You hear an angry hiss.
Robin is engulfed in noxious fumes.
Robin appears confused.
Robin hits you with a +0 falchion.
Unknown command.
You barely miss Robin.
Robin is moderately wounded.
A goblin comes into view. It is wielding a +0 dagger.
Robin is engulfed in noxious fumes.
Robin appears confused.
Robin closely misses you.
You barely miss Robin.
Robin is moderately wounded.
You have got your breath back.
Robin is engulfed in noxious fumes.
Robin appears confused.
Robin hits you with a +0 falchion!
* * * LOW HITPOINT WARNING * * *
You completely miss Robin.
Robin is heavily wounded.
Robin is engulfed in noxious fumes.
Robin appears confused.
Robin hits you with a +0 falchion.
* * * LOW HITPOINT WARNING * * *
It was a potion of flight.
You feel very buoyant.
You fly up into the air.
Robin hits you with a +0 falchion!
You die...

...................
.................>.
...................
.....#..#........##
....##.....########...
######......#.........
##.......########
##.....######
..........gg@.###
.######...###.g.#
###.# ###.# #######g#
.# ........# ..
#######..[.....#
#......... #!.........
#.....g..g.


You could see Robin (confused) and 2 goblins.

Vanquished Creatures
  A bullfrog zombie (D:3)
  2 adders (D:3)
  4 gnolls (D:2)
  4 dart slugs
  10 bats
  An endoplasm (D:1)
  2 giant cockroaches
  6 goblins
  4 hobgoblins
  6 jackals (D:1)
  4 kobolds
  A quokka (D:2)
  4 ball pythons
  3 frilled lizards
  3 rats (D:1)
55 creatures vanquished.

Notes
Turn   | Place    | Note
-------+----------+-------------------------------------------
     0 | D:1      | zazu2006 the Naga Hedge Wizard began the quest for the Orb.
     0 | D:1      | Reached XP level 1. HP: 15/15 MP: 4/4
   342 | D:1      | Reached XP level 2. HP: 19/22 MP: 0/6
   532 | D:1      | Found a faded altar of an unknown god.
   763 | D:1      | Reached XP level 3. HP: 24/28 MP: 2/7
   767 | D:1      | Learned a level 3 spell: Mephitic Cloud
   782 | D:1      | Learned a level 3 spell: Conjure Flame
   785 | D:1      | Learned a level 2 spell: Blink
  1738 | D:2      | Reached XP level 4. HP: 14/36 MP: 3/9
  2645 | D:3      | Reached XP level 5. HP: 43/43 MP: 7/11
  2919 | D:3      | Noticed Robin
  2962 | D:3      | Slain by Robin

Illustrated notes

Levels and vault maps discovered:
D:1:      lightli_arrival_boilingwater, layout_loops_ring,
          dreamdust_ecumenical_altar_statues, due_unseen_surprise
D:2:      layout_basic
D:3:      layout_rooms, grunt_temple_overflow_cloverleaf,
          minmay_fractal_squares_gapless_5, uniq_robin

Skill      XL: |  1  2  3  4 |
---------------+-------------+-----
Dodging        | 2 |  2.0
Conjurations   | 2 |  2.8
Stealth        | 4 |  4.0
Spellcasting   | 4 |  4.2
Fighting       | |  0.4
Summonings     | |  1.0
Translocations | |  1.0

Action                   |  1- 3 |  4- 6 || total
-------------------------+-------+-------++-------
Melee: Dagger            |    22 |    12 ||    34
 Cast: Magic Dart        |    63 |    42 ||   105
       Mephitic Cloud    |     2 |     2 ||     4
 Abil: Spit Poison       |    18 |     5 ||    23
  Use: Potion            |       |     1 ||     1
Armor: Robe              |     6 |     4 ||    10
Dodge: Dodged            |    27 |     9 ||    36

Table legend: (Time is in decaauts)
 A = Elapsed time spent in this place.
 B = Non-inter-level travel time spent in this place.
 C = Inter-level travel time spent in this place.
 D = Time resting spent in this place.
 E = Time spent auto-exploring this place.
 F = Levels seen in this place.
 G = Mean time per level.
                   A        B        C        D        E       F      G
               +--------+--------+--------+--------+--------+-----+--------+
         Total |   3547 |   3422 |    125 |    199 |   2773 |   3 | 1182.3 |
       Dungeon |   3547 |   3422 |    125 |    199 |   2773 |   3 | 1182.3 |
               +--------+--------+--------+--------+--------+-----+--------+

Top non-repeatable levels by time:
     D:1: 1771 daAuts
     D:2: 1398 daAuts
     D:3: 377 daAuts
